 Dungeon Crawl Stone Soup version 0.29.1-debian-4-g95531337e3 (webtiles) character file.

Game seed: 4208024460984478926

58 Dreamer the Insei (level 4, -14/25 HPs)
             Began as an Octopode Transmuter on Sept 13, 2022.
             Killed from afar by a steam dragon (26 damage)
             ... with a ball of steam
             ... on level 4 of the Dungeon.
             The game lasted 00:05:33 (3100 turns).

Dreamer the Insei (Octopode Transmuter)             Turns: 3100, Time: 00:05:33

Health: -14/25     AC:  1    Str:  9    XL:     4   Next: 2%
Magic:  7/7        EV: 13    Int: 17    God:
Gold:   90         SH:  0    Dex: 12    Spells: 6/7 levels left

rFire   . . .      SeeInvis .   c - +2 dagger (drain)
rCold   . . .      Faith    .   (no shield)
rNeg    . . .      Spirit   .   (helmet restricted)
rPois   .          Reflect  .   j - amulet of regeneration
rElec   .          Harm     .   (no ring)
rCorr   .          Rampage  .   (no ring)
Will    .....      Rage     3%  (no ring)
Stlth   ++........              (no ring)
HPRegen 0.88/turn               (no ring)
MPRegen 0.10/turn               (no ring)
                                (no ring)
                                (no ring)

@: no status effects
A: almost no armour, amphibious, 8 rings, camouflage 1, gelatinous body 1,
(nimble swimmer 1), tentacles, berserk 1, frail 1, high MP 1, evolution 1
a: no special abilities


You were on level 4 of the Dungeon.
You visited 1 branch of the dungeon, and saw 4 of its levels.

You collected 138 gold pieces.
You spent 48 gold pieces at shops.

Inventory:

Hand Weapons
 c - a +2 dagger of draining (weapon)
Jewellery
 j - an amulet of regeneration (around mantle)
 k - a ring of protection from cold
Wands
 n - a wand of mindburst (19)
Scrolls
 b - a scroll of blinking {unknown}
 h - a scroll of teleportation {unknown}
 l - 2 scrolls of magic mapping {unknown}
 m - a scroll of amnesia {unknown}
 o - a scroll of enchant armour {unknown}
 r - a scroll of fear {unknown}
 s - a scroll of immolation {unknown}
Potions
 a - a potion of lignification
 d - 2 potions of attraction
 e - a potion of haste {unknown}
 f - a potion of might {unknown}
 g - a potion of resistance {unknown}
 i - a potion of brilliance {unknown}
 p - a potion of flight {unknown}
 q - 2 potions of cancellation {unknown}


   Skills:
 - Level 1.0 Fighting
 - Level 2.0 Dodging
 + Level 0.6 Stealth
 * Level 3.9 Unarmed Combat
 - Level 2.0 Spellcasting
 * Level 3.1 Transmutations


You had 6 spell levels left.
You knew the following spells:

 Your Spells              Type           Power      Damage    Failure   Level
a - Beastly Appendage     Tmut           24%        N/A       5%          1

Your spell library contained the following spells:

 Spells                   Type           Power      Damage    Failure   Level
 Wereblood                Tmut           12%        N/A       8%          2
 Spider Form              Tmut/Pois      7%         N/A       30%         3
 Ice Form                 Ice/Tmut       7%         N/A       69%         4


Dungeon Overview and Level Annotations

Branches:
Dungeon (4/15)
 Temple: D:4-7

Altars:
The Shining One

Shops:
D:3 ?=


Innate Abilities, Weirdness & Mutations

You cannot wear most types of armour.
You are amphibious.
You can wear up to eight rings at the same time.
Your skin changes colour to match your surroundings (Stealth+).
Your rubbery body absorbs attacks. (AC +1, EV +1)
((You are camouflaged when in or above water. (Stealth+)))
You have tentacles for arms and can constrict up to eight enemies at once.
You sometimes lose your temper in combat.
You are frail. (-10% HP)
You have an increased reservoir of magic. (+10% MP)
You have hidden genetic potential.


Message History

Done exploring.
(D) Dungeon
Where to? (Enter - D:3, ? - help)
There is an escape hatch in the ceiling here.
There is an open door here.
There is a stone staircase leading down here.
You climb downwards.
Found a scroll labelled OZOXYTT OGUFAK.
There is a stone staircase leading up here.
s - a scroll labelled OZOXYTT OGUFAK A necrophage comes into view.
There is a stone staircase leading up here.
You climb upwards.
There is a stone staircase leading down here.
There is a stone staircase leading down here.
You climb downwards.
Found a stone staircase leading up.
There is a stone staircase leading up here.
Unknown command.
The helpless kobold fails to defend itself.
You hit the kobold.
You kill the kobold!
You have reached level 4!
You hit the quokka. You drain the quokka.
You kill the quokka!
Found 3 poisoned darts.
You see here 3 poisoned darts.
A steam dragon comes into view.
The steam dragon hisses angrily.
The steam dragon attacks as you move away!
The steam dragon barely misses you. x2
The steam dragon attacks as you move away!
The steam dragon barely misses you. The steam dragon claws you.
The steam dragon breathes steam at you. The ball of steam hits you!
You are engulfed in a cloud of scalding steam.
The steam dragon breathes steam at you. The ball of steam hits you!!
Ouch! That really hurt!
You die...

#....<.......
#....).......
#............
#.##............
#...............
######.####....#
#..# #.#.. ##.#
#.### #.# #@#
#.####§#
#.....§###### #
######.D..§(# $
#.####.### ##
#.# #...## #.#
###..## #.#
##..# #.#
##.......#


There were no monsters in sight!

Vanquished Creatures
  An adder (D:2)
  A dart slug (D:1)
  3 endoplasms
  2 giant cockroaches
  7 hobgoblins
  8 jackals
  4 kobolds
  3 quokkas
  2 ball pythons (D:2)
  A frilled lizard (D:1)
  5 goblins
  4 rats
41 creatures vanquished.

Notes
Turn   | Place    | Note
-------+----------+-------------------------------------------
     0 | D:1      | Dreamer the Octopode Transmuter began the quest for the
                  | Orb.
     0 | D:1      | Reached XP level 1. HP: 13/13 MP: 3/3
   480 | D:1      | Reached XP level 2. HP: 18/18 MP: 5/5
  1229 | D:2      | Reached XP level 3. HP: 21/23 MP: 6/6
  2059 | D:3      | Found Tuxzep's Jewellery Boutique.
  2265 | D:3      | Found a glowing golden altar of the Shining One.
  2268 | D:3      | Identified the +4 robe "Xemosaicw" {Regen+ MP-9 Stlth+}
  2390 | D:3      | Found a faded altar of an unknown god.
  2426 | D:3      | Found Ugeluqy's Magic Scroll Boutique.
  2432 | D:3      | Bought a scroll of identify for 24 gold pieces
  2432 | D:3      | Bought a scroll of identify for 24 gold pieces
  2434 | D:3      | Gained mutation: You occasionally lose the ability to read
                  | scrolls when taking damage. [potion of mutation]
  2434 | D:3      | Gained mutation: A frigid envelope surrounds you and
                  | freezes all who hurt you. [potion of mutation]
  2435 | D:3      | Lost mutation: A frigid envelope surrounds you and freezes
                  | all who hurt you. [potion of mutation]
  2435 | D:3      | Lost mutation: You occasionally lose the ability to read
                  | scrolls when taking damage. [potion of mutation]
  2435 | D:3      | Gained mutation: You sometimes lose your temper in combat.
                  | [potion of mutation]
  2435 | D:3      | Gained mutation: You are frail. (-10% HP) [potion of
                  | mutation]
  2435 | D:3      | Gained mutation: You have hidden genetic potential. [potion
                  | of mutation]
  2435 | D:3      | Gained mutation: You have an increased reservoir of magic.
                  | (+10% MP) [potion of mutation]
  3034 | D:4      | Noticed a necrophage
  3059 | D:4      | Reached XP level 4. HP: 25/25 MP: 7/7
  3089 | D:4      | Noticed a steam dragon
  3100 | D:4      | Killed from afar by a steam dragon

Illustrated notes

Levels and vault maps discovered:
D:1:      sevenhm_arrival_forest_fort_large_2, layout_basic,
          nicolae_concentric_dashed_squares_mild, serial_bayou_crossing
D:2:      layout_basic
D:3:      layout_loops_corners, tso_metal_star, serial_shops, shop,
          nicolae_shop_statue_plus, ebering_ecumenical_altar_webs
D:4:      layout_rooms, hex_large

Skill      XL: |  1  2  3 |
---------------+----------+-----
Transmutations | 3 |  3.1
Fighting       | |  1.0
Dodging        | |  2.0
Stealth        | |  0.6
Unarmed Combat | |  3.9
Spellcasting   | |  2.0

Action                   |  1- 3 |  4- 6 || total
-------------------------+-------+-------++-------
Melee: Dagger            |    67 |     1 ||    68
       Unarmed           |     6 |       ||     6
       Constrict         |    14 |       ||    14
       Tentacles         |     6 |       ||     6
       Punch             |     2 |       ||     2
  Use: Scroll            |     2 |       ||     2
       Potion            |     2 |       ||     2
 Stab: Sleeping          |    14 |       ||    14
Armor: Skin              |     2 |       ||     2
Dodge: Dodged            |    28 |     3 ||    31
